 Dungeon Crawl Stone Soup version 0.19.0-19-g8c6edcc (webtiles) character file.

10372 Inkary the Cleaver (level 11, -1/105 HPs)
             Began as a Minotaur Fighter on Nov 15, 2016.
             Was an Elder of Okawaru.
             Slain by a thrashing horror (13 damage)
             ... on level 1 of the Abyss.
             The game lasted 00:22:18 (11324 turns).

Inkary the Cleaver (Minotaur Fighter)              Turns: 11324, Time: 00:22:19

Health: -1/105     AC: 14    Str: 23    XL:     11   Next: 35%
Magic:  11/11      EV: 11    Int:  5    God:    Okawaru [****..]
Gold:   699        SH: 10    Dex: 11    Spells: 0 memorised, 10 levels left

rFire  . . .     SeeInvis .     Q - +3 war axe of the Magi {chop, rPois Stlth+}
rCold  . . .     Gourm    .     b - +0 scale mail
rNeg   . . .     Faith    .     c - +0 shield
rPois  +         Spirit   .     (helmet restricted)
rElec  .         Reflect  .     (no cloak)
rCorr  .         Harm     .     (no gloves)
MR     .....                    J - +2 pair of boots
Stlth  +.........               l - amulet of inaccuracy (curse)
                                H - +2 ring of protection
                                d - +3 ring of evasion

@: about to teleport
A: retaliatory headbutt, horns 2
a: Heroism, Renounce Religion


You were on level 1 of the Abyss.
You worshipped Okawaru.
Okawaru was greatly pleased with you.
You were hungry.

You visited 2 branches of the dungeon, and saw 12 of its levels.
You visited the Abyss 1 time.

You collected 699 gold pieces.

Inventory:

Hand Weapons
 Q - the +3 war axe of the Magi (weapon) {chop, rPois Stlth+}
   (You took it off an orc on level 9 of the Dungeon)

   It inflicts extra damage upon your enemies.
   It protects you from poison.
   It makes you more stealthy.
 R - a +0 war axe of freezing
Armour
 b - a +0 scale mail (worn)
 c - a +0 shield (worn)
 J - a +2 pair of boots (worn)
 L - the cursed +6 large shield of Ignorance {rN+ AC+4 Int-6 *Curse}
   (You found it on level 8 of the Dungeon)

   It affects your AC (+4).
   It affects your intelligence (-6).
   It protects you from negative energy.
   It may re-curse itself when equipped.
   It has a curse placed upon it.
Jewellery
 d - a +3 ring of evasion (left hand)
 i - an uncursed ring of positive energy
 l - a cursed amulet of inaccuracy (around neck)
 w - an uncursed ring of poison resistance
 B - a +3 ring of strength {unknown}
 H - a +2 ring of protection (right hand)
 M - an uncursed ring of protection from fire {unknown}
Wands
 s - a wand of confusion (15/48)
 y - a wand of slowing (24/48)
 E - a wand of iceblast (5/15)
 N - a wand of heal wounds (2/9)
 T - a wand of lightning (3/15)
Scrolls
 e - 4 scrolls of remove curse
 h - 3 scrolls of recharging
 k - 2 scrolls of fear
 m - 5 scrolls of amnesia
 n - 5 scrolls of enchant armour
 t - a scroll of fog
 D - a scroll of teleportation
 K - 2 scrolls of identify
 S - a scroll of silence {unknown}
Potions
 a - 2 potions of haste
 g - a potion of might
 j - a potion of curing
 o - a potion of berserk rage
 q - 3 potions of invisibility
 r - 3 potions of lignification
 u - a potion of heal wounds
 v - 2 potions of magic
 x - 2 potions of agility
 z - a potion of ambrosia
 A - a potion of cancellation
 G - a potion of brilliance {unknown}
 O - 2 potions of resistance
Books
 I - a book of Minor Magic

   Spells                             Type                      Level
   a - Magic Dart                     Conjuration                  1
   b - Blink                          Translocation                2
   c - Call Imp                       Summoning                    2
   d - Repel Missiles                 Charms/Air                   2
   e - Slow                           Hexes                        2
   f - Conjure Flame                  Conjuration/Fire             3
   g - Mephitic Cloud                 Conjuration/Poison/Air       3
 P - a book of Enchantments

   Spells                             Type                      Level
   a - Cause Fear                     Hexes                        4
   b - Yara's Violent Unravelling     Hexes/Transmutation          5
   c - Silence                        Hexes/Air                    5
   d - Deflect Missiles               Charms/Air                   6
   e - Discord                        Hexes                        8
Comestibles
 f - 11 bread rations
 p - 3 beef jerkies
 C - 4 fruits
 F - 4 meat rations


   Skills:
 + Level 12.5 Fighting
 + Level 12.8 Axes
 - Level 2.0 Throwing
 - Level 11.0 Armour
 + Level 5.0 Shields
 + Level 2.6 Invocations


You had 10 spell levels left.
You didn't know any spells.

Dungeon Overview and Level Annotations

Branches:
Dungeon (11/15)            Temple (1/1) D:6             Orc (0/2) D:9
   Lair: D:8-11

Altars:
Ashenzari
Cheibriados
Dithmenos
Elyvilon
Fedhas
Gozag
Hepliaklqana
Kikubaaqudgha
Makhleb
Nemelex Xobeh
Okawaru
Qazlal
Ru
Sif Muna
Trog
Uskayaw
Vehumet
Xom
Yredelemnul
Zin
The Shining One

Annotations:
D:11 Sonja


Innate Abilities, Weirdness & Mutations

You reflexively headbutt those who attack you in melee.
You have a pair of horns on your head.


Message History

Your headbutt misses the large abomination.
The large abomination is moderately damaged.
The large abomination hits you!!
You slash the thrashing horror!
You headbutt the thrashing horror, but do no damage.
The thrashing horror is severely damaged.
You slash the large abomination!
You block the thrashing horror's attack.
The thrashing horror tramples you but does no damage.
The large abomination hits you!!
* * * LOW HITPOINT WARNING * * *
As you read the scroll of teleportation, it crumbles to dust.
You feel strangely unstable.
You feel the power of the Abyss delaying your translocation!
The thrashing horror tramples you.
* * * LOW HITPOINT WARNING * * *
You hold your ground!
You block the thrashing horror's attack.
The thrashing horror tramples you!
You die...

########### X
#... ....#####.
###.###.#......
### #....#X# #
#.##..##
#....#.....##.# .
#....#X.#....#
....#....#@X.##..
......_..###..#
..####......§≈.#
. ## ##..# .≈≈.#
#.# .#... #≈≈#.
.. #.# .# .
#..≈≈. . # #.
.#.. .♣≈ . # . #
.


You could see a thrashing horror and 2 large abominations.

Vanquished Creatures
  Erica (D:8)
  3 hill giants
  A cyclops (D:11)
  Psyche (D:8)
  A gargoyle (D:10)
  A merfolk (D:9)
  Prince Ribbit (D:7)
  A two-headed ogre (D:10)
  5 hippogriffs
  A wraith (Abyss:1)
  Menkaure (D:7)
  2 hungry ghosts
  A steam dragon (D:10)
  A soldier ant (D:8)
  A water moccasin (D:10)
  4 orc warriors (D:9)
  2 ice beasts
  3 black bears
  2 sky beasts
  5 ogres
  5 centaurs
  A necrophage (D:8)
  A crocodile (D:11)
  4 bullfrogs
  A wyvern skeleton (D:10)
  A wyvern zombie (D:7)
  4 scorpions
  6 killer bees (D:9)
  4 howler monkeys
  4 crimson imps
  A quasit (D:9)
  10 orc priests
  8 hounds
  A bullfrog skeleton (D:11)
  20 orc wizards
  An iguana (D:5)
  10 worker ants
  Ijyb (D:2)
  2 hound skeletons
  2 worker ant zombies
  8 gnolls (D:3)
  16 adders
  A howler monkey skeleton (D:4)
  An adder zombie (D:5)
  2 adder skeletons
  A worm (D:5)
  3 dart slugs (D:2)
  8 leopard geckos
  63 orcs
  3 ball pythons
  3 giant cockroaches
  13 hobgoblins
  8 jackals
  6 quokkas
  2 bats
  4 frilled lizards
  11 goblins
  3 kobolds
  6 rats
287 creatures vanquished.

Vanquished Creatures (others)
  An orc wizard (D:4)
1 creature vanquished.

Grand Total: 288 creatures vanquished

Notes
Turn   | Place    | Note
-------+----------+-------------------------------------------
     0 | D:1      | Inkary the Minotaur Fighter began the quest for the Orb.
     0 | D:1      | Reached XP level 1. HP: 19/19 MP: 0/0
     4 | D:1      | Noticed a merfolk zombie
   233 | D:1      | Reached XP level 2. HP: 27/27 MP: 1/1
   543 | D:2      | Reached XP level 3. HP: 34/34 MP: 2/2
   655 | D:2      | Noticed Ijyb
   669 | D:2      | Killed Ijyb
   787 | D:2      | Reached XP level 4. HP: 41/41 MP: 3/3
   794 | D:2      | Reached skill level 5 in Fighting
  1133 | D:2      | Reached XP level 5. HP: 25/48 MP: 4/4
  1287 | D:3      | Reached skill level 5 in Axes
  1837 | D:3      | Reached XP level 6. HP: 43/57 MP: 5/5
  3075 | D:4      | Noticed a hippogriff
  3091 | D:4      | Killed a hippogriff
  3091 | D:4      | Reached skill level 1 in Throwing
  3091 | D:4      | Reached XP level 7. HP: 6/66 MP: 6/6
  3444 | D:4      | Found a glowing golden altar of the Shining One.
  3549 | D:4      | Found a glowing golden altar of the Shining One.
  3658 | D:4      | Found a shadowy altar of Dithmenos.
  4063 | D:4      | Found an opulent altar of Gozag.
  4189 | D:5      | Entered Level 5 of the Dungeon
  4307 | D:5      | Found a deep blue altar of Sif Muna.
  4307 | D:5      | Found a snail-covered altar of Cheibriados.
  4404 | D:5      | Reached skill level 5 in Armour
  4404 | D:5      | Reached XP level 8. HP: 32/74 MP: 7/7
  4763 | D:5      | Found an ancient bone altar of Kikubaaqudgha.
  4764 | D:5      | Found a blossoming altar of Fedhas.
  6608 | D:6      | Found a staircase to the Ecumenical Temple.
  6631 | Temple   | Entered the Ecumenical Temple
  6706 | Temple   | Became a worshipper of Warmaster Okawaru
  6761 | D:6      | Reached XP level 9. HP: 48/83 MP: 8/8
  6903 | D:7      | Noticed Menkaure
  7218 | D:7      | Killed Menkaure
  7293 | D:7      | Reached * piety under Okawaru
  7411 | D:7      | Reached skill level 10 in Axes
  7678 | D:7      | Noticed Prince Ribbit
  7691 | D:7      | Killed Prince Ribbit
  7691 | D:7      | Reached skill level 10 in Fighting
  7834 | D:8      | Noticed Erica
  7846 | D:8      | Killed Erica
  7846 | D:8      | Reached ** piety under Okawaru
  8004 | D:8      | Reached XP level 10. HP: 77/94 MP: 9/9
  8035 | D:8      | Reached *** piety under Okawaru
  8074 | D:8      | Noticed Psyche
  8087 | D:8      | Killed Psyche
  8784 | D:9      | Found a shadowy altar of Dithmenos.
  8860 | D:9      | Reached skill level 10 in Armour
  9018 | D:9      | Found a staircase to the Orcish Mines.
  9270 | D:9      | Reached **** piety under Okawaru
  9454 | D:9      | Found a burning altar of Makhleb.
  9508 | D:9      | Received a gift from Okawaru
  9511 | D:9      | Got an iridescent war axe {chop}
  9513 | D:9      | Identified the +3 war axe of the Magi {chop, rPois Stlth+} (You took it off an orc on level 9 of the Dungeon)
  9674 | D:10     | Entered Level 10 of the Dungeon
  9689 | D:10     | Noticed a gargoyle
  9707 | D:10     | Killed a gargoyle
  9764 | D:10     | Noticed a hill giant
  9775 | D:10     | Killed a hill giant
  9933 | D:10     | Reached XP level 11. HP: 97/104 MP: 10/10
 10034 | D:10     | Received a gift from Okawaru
 10271 | D:10     | Found a flagged portal.
 10557 | D:11     | Reached skill level 1 in Invocations
 10567 | D:11     | Noticed a hill giant
 10573 | D:11     | Killed a hill giant
 10779 | D:11     | Noticed a hill giant
 10787 | D:11     | Killed a hill giant
 10978 | D:11     | Noticed Sonja
 11009 | D:11     | Reached skill level 5 in Shields
 11267 | D:11     | Cast into level 1 of the Abyss (Sonja)
 11290 | Abyss:1  | Found a corrupted altar of Lugonu.
 11315 | Abyss:1  | Noticed a thrashing horror
 11319 | Abyss:1  | Noticed a large abomination
 11324 | Abyss:1  | Slain by a thrashing horror

Skill      XL: |  1  2  3  4  5  6  7  8  9 10 11 |
---------------+----------------------------------+-----
Fighting       | 4 5 6 7 9 10 12 | 12.5
Axes           | 3 4 5 7 9 11 12 | 12.8
Throwing       | 1 2 |  2.0
Armour         | 5 7 9 11 | 11.0
Invocations    | 2 |  2.6
Shields        | 5 |  5.0

Action                   |  1- 3 |  4- 6 |  7- 9 | 10-12 || total
-------------------------+-------+-------+-------+-------++-------
Melee: War axe           |    74 |   130 |   349 |   346 ||   899
       Headbutt          |     8 |    24 |    55 |    60 ||   147
Throw: Throwing net      |       |     1 |       |       ||     1
Invok: Heroism           |       |       |     2 |    10 ||    12
Evoke: Wand              |       |     1 |       |       ||     1
  Use: Potion            |       |     1 |     4 |     1 ||     6
       Scroll            |       |       |    17 |     7 ||    24
  Eat: Chunk             |       |     7 |    17 |     8 ||    32
       Meat ration       |       |       |     1 |       ||     1
Armor: Scale mail        |    29 |    35 |   139 |   107 ||   310
Dodge: Dodged            |    21 |    29 |   112 |    96 ||   258
Block: Shield            |    42 |    66 |   130 |   150 ||   388
